 Dungeon Crawl Stone Soup version 0.25-a0-566-g062765be81 (webtiles) character file.

Game seed: 1218611313887100739, levelgen mode: deterministic

23605 LairdRich the Fencer (level 12, -1/115 HPs)
             Began as a Minotaur Berserker on Feb 27, 2020.
             Was a High Priest of Trog.
             Slain by a water moccasin (3 damage)
             ... on level 5 of the Lair of Beasts.
             The game lasted 00:39:24 (14673 turns).

LairdRich the Fencer (Minotaur Berserker)          Turns: 14673, Time: 00:39:25

Health: -1/115     AC: 15    Str: 28    XL:     12   Next: 73%
Magic:  14/14      EV:  6    Int:  4    God:    Trog [*****.]
Gold:   750        SH: 18    Dex:  9    Spells: 11/11 levels left

rFire    . . .     SeeInvis .   a - +3 Maxwell's thermic engine {flame, freeze}
rCold    . . .     Gourm    .   F - +0 tower shield
rNeg     . . .     Faith    +   k - +0 plate armour
rPois    .         Spirit   .   (helmet restricted)
rElec    .         Reflect  .   J - +1 cloak
rCorr    .         Harm     .   (no gloves)
MR       .....                  C - +0 pair of boots
Stlth    ..........             D - amulet of faith
HPRegen  0.29/turn              r - ring of stealth
MPRegen  0.14/turn              (no ring)

@: lightly drained
A: retaliatory headbutt, horns 2
a: Berserk, Trog's Hand, Brothers in Arms, Renounce Religion


You were on level 5 of the Lair of Beasts.
You worshipped Trog.
Trog was extremely pleased with you.
You were not hungry.

You visited 2 branches of the dungeon, and saw 16 of its levels.

You collected 750 gold pieces.

Inventory:

Hand Weapons
 a - the +3 Maxwell's thermic engine (weapon) {flame, freeze}
   (You found it on level 5 of the Dungeon)

   It has been specially enchanted to burn those struck by it, causing extra
   injury to most foes and up to half again as much damage against particularly
   susceptible opponents.
   Big, fiery blades are also staple armaments of hydra-hunters.
   It has been specially enchanted to freeze those struck by it, causing extra
   injury to most foes and up to half again as much damage against particularly
   susceptible opponents.
 y - a +0 hand axe
 A - a +3 scimitar of flaming
 M - a +0 vampiric falchion
Armour
 k - a +0 plate armour (worn)
 C - a +0 pair of boots (worn)
 F - a +0 tower shield (worn)
 J - a +1 cloak (worn)
Jewellery
 o - a +5 amulet of reflection {unknown}
 r - a ring of stealth (left hand)
 D - an amulet of faith (around neck)
 H - an uncursed ring of protection from magic
Wands
 i - a wand of polymorph (18)
 j - a wand of flame (15)
 m - a wand of paralysis (9)
 v - a wand of acid (13)
Scrolls
 b - 2 scrolls of enchant armour
 f - 17 scrolls of identify
 h - 4 scrolls of teleportation
 u - a scroll of magic mapping
 w - 2 scrolls of enchant weapon {unknown}
 x - 2 scrolls of summoning {unknown}
 B - a scroll of fog
 E - a scroll of immolation {unknown}
 G - a scroll of vulnerability {unknown}
 I - 2 scrolls of remove curse
Potions
 d - 2 potions of might {unknown}
 e - 5 potions of degeneration {unknown}
 g - a potion of invisibility {unknown}
 l - 4 potions of curing {unknown}
 n - 5 potions of brilliance {unknown}
 p - 5 potions of haste {unknown}
 q - a potion of lignification {unknown}
 s - a potion of berserk rage {unknown}
 t - 5 potions of heal wounds {unknown}
 z - 3 potions of ambrosia {unknown}
 N - a potion of cancellation {unknown}
Comestibles
 c - 19 rations


   Skills:
 + Level 13.6(13.4) Fighting
 * Level 15.1(14.9) Long Blades
 - Level 5.9(5.7) Axes
 - Level 5.0(4.8) Armour
 - Level 5.0(4.8) Dodging
 + Level 10.8(10.5) Shields
 - Level 5.0(4.8) Evocations


You had 11 spell levels left.
You didn't know any spells.
Your spell library was empty.

Dungeon Overview and Level Annotations

Branches:
Dungeon (10/15)            Temple (0/1) D:5            Lair (6/6) D:10
  Swamp (0/4) Lair:4
  Snake: Lair:2-4    Spider: Lair:2-4     Slime: Lair:5-6       Orc: D:9-12

Altars:
Ashenzari
Kikubaaqudgha
Okawaru
Ru
Sif Muna
Uskayaw
Xom
The Shining One

Annotations:
D:6 1 runed translucent door, emiel's ghost, novice DEIE
Lair:6 Josephine


Innate Abilities, Weirdness & Mutations

You reflexively headbutt those who attack you in melee.
You have a pair of horns on your head.


Message History

You block the wolf's attack. The hippogriff barely misses you.
The hippogriff completely misses you.
The hippogriff claws you but does no damage.
You hit the hippogriff. You burn the hippogriff. You freeze the hippogriff.
The hippogriff is moderately wounded.
You block the wolf's attack. You block the water moccasin's attack.
The wolf bites you but does no damage. The hippogriff bites you.
* * * LOW HITPOINT WARNING * * *
You block the hippogriff's attack. x2; The water moccasin bites you.
* * * LOW HITPOINT WARNING * * *
You block the wolf's attack. The wolf bites you.
* * * LOW HITPOINT WARNING * * *
You miss the water moccasin. You block the water moccasin's attack.
You block the wolf's attack.
You barely miss the water moccasin.
You headbutt the water moccasin, but do no damage.
The wolf bites you but does no damage.
The water moccasin bites you but does no damage.
You block the wolf's attack. The water moccasin bites you.
You die...

. P. ...# ...##
#### #..#..####..#
#P....@SH..†#
#.P....h...........
##...........$.....
#..............?..
##................
#................
##...............
##P#.....b......


You could see a hippogriff, a water moccasin and a wolf.

Vanquished Creatures
  5 hydras
  3 two-headed ogres
  A death yak (Lair:6)
  A manticore (Lair:6)
  An ugly thing (D:7)
  2 elephants (Lair:6)
  2 black mambas
  2 spiny frogs
  5 komodo dragons
  A rime drake (Lair:5)
  A troll (D:10)
  A hornet (D:8)
  A hippogriff (Lair:6)
  40 yaks
  2 basilisks (Lair:2)
  5 insubstantial wisps (Lair:4)
  Edmund (D:5)
  2 soldier ants (D:8)
  4 water moccasins
  Duvessa (D:6)
  4 porcupines
  An ice beast (D:7)
  2 orc warriors
  2 phantoms
  A sky beast (D:8)
  8 ogres
  5 wolves
  2 centaurs
  3 crocodiles
  12 bullfrogs
  Dowan (D:6)
  A wyvern skeleton (D:10)
  4 scorpions
  7 killer bees
  3 howler monkeys
  3 wights (D:7)
  2 bullfrog zombies
  A crimson imp (D:9)
  A quasit (D:9)
  4 hounds
  A centaur zombie (D:9)
  A jelly (D:5)
  3 orc wizards
  2 bullfrog skeletons (D:5)
  An orc priest (D:3)
  2 centaur skeletons
  3 iguanas
  A hell rat (Lair:6)
  10 worker ants
  2 hound zombies
  A worker ant zombie (D:6)
  7 adders
  3 gnolls (D:3)
  A howler monkey skeleton (D:9)
  A shadow imp (D:8)
  An adder skeleton (D:10)
  3 worms
  3 dart slugs
  8 leopard geckos
  18 orcs
  7 giant cockroaches
  11 goblins
  5 hobgoblins
  14 jackals
  3 quokkas
  2 ball pythons (D:3)
  9 bats
  3 frilled lizards
  7 kobolds
  A leopard gecko skeleton (D:4)
  A quokka skeleton (D:7)
  4 rats
  A butterfly (D:5)
288 creatures vanquished.

Vanquished Creatures (others)
  6 fungi
6 creatures vanquished.

Grand Total: 294 creatures vanquished

Notes
Turn   | Place    | Note
-------+----------+-------------------------------------------
     0 | D:1      | LairdRich the Minotaur Berserker began the quest for the
                  | Orb.
     0 | D:1      | Reached XP level 1. HP: 19/19 MP: 0/0
   540 | D:1      | Reached XP level 2. HP: 27/27 MP: 1/1
  1268 | D:2      | Reached XP level 3. HP: 31/33 MP: 2/2
  1356 | D:2      | Reached ** piety under Trog
  2096 | D:3      | Reached skill level 1 in Shields
  2141 | D:3      | Reached XP level 4. HP: 33/40 MP: 3/3
  2989 | D:3      | Reached XP level 5. HP: 43/47 MP: 4/4
  3212 | D:4      | Reached skill level 1 in Evocations
  3231 | D:4      | Noticed an ogre
  3426 | D:3      | Reached XP level 6. HP: 48/55 MP: 5/5
  3446 | D:4      | Reached skill level 5 in Fighting
  3446 | D:4      | Reached skill level 5 in Axes
  3967 | D:4      | Reached XP level 7. HP: 56/61 MP: 7/7
  4212 | D:5      | Entered Level 5 of the Dungeon
  4479 | D:5      | Noticed Edmund
  4485 | D:5      | Killed Edmund
  4742 | D:4      | Reached skill level 5 in Armour
  5119 | D:5      | Reached XP level 8. HP: 65/70 MP: 9/9
  5253 | D:5      | Found a shimmering blue altar of Sif Muna.
  5255 | D:5      | Found an iron altar of Okawaru.
  5341 | D:5      | Found the +2 Maxwell's thermic engine {flame, freeze}
  5352 | D:5      | Found a staircase to the Ecumenical Temple.
  5863 | D:6      | Reached *** piety under Trog
  5866 | D:6      | Found a runed translucent door.
  5869 | D:6      | Noticed emiel's ghost (novice DEIE)
  6200 | D:6      | Reached skill level 1 in Long Blades
  6200 | D:6      | Reached skill level 5 in Dodging
  6377 | D:6      | Noticed Dowan
  6377 | D:6      | Noticed Duvessa
  6385 | D:6      | Killed Duvessa
  6385 | D:6      | Reached skill level 2 in Long Blades
  6395 | D:6      | Killed Dowan
  6713 | D:7      | Reached skill level 3 in Long Blades
  6740 | D:7      | Noticed a green ugly thing
  6761 | D:7      | Killed a green ugly thing
  6761 | D:7      | Reached skill level 4 in Long Blades
  6762 | D:7      | Reached XP level 9. HP: 62/80 MP: 11/11
  6908 | D:7      | Reached skill level 5 in Long Blades
  6929 | D:7      | Reached skill level 5 in Evocations
  7108 | D:7      | Noticed a two-headed ogre
  7114 | D:7      | Killed a two-headed ogre
  7114 | D:7      | Reached skill level 6 in Long Blades
  7114 | D:7      | Reached skill level 7 in Long Blades
  7816 | D:8      | Found a sacrificial altar of Ru.
  7962 | D:8      | Reached skill level 10 in Fighting
  7991 | D:8      | Reached skill level 8 in Long Blades
  8012 | D:8      | Found a hide-covered altar of Uskayaw.
  8128 | D:8      | Reached **** piety under Trog
  8395 | D:8      | Found an iron altar of Okawaru.
  8542 | D:8      | Reached XP level 10. HP: 92/93 MP: 12/12
  8542 | D:8      | Paralysed by a hornet for 2 turns
  8911 | D:9      | Reached skill level 5 in Shields
  9025 | D:9      | Reached skill level 9 in Long Blades
  9112 | D:9      | Noticed a two-headed ogre
  9680 | D:9      | Noticed a two-headed ogre
  9688 | D:9      | Killed a two-headed ogre
  9688 | D:9      | Reached skill level 10 in Long Blades
  9693 | D:8      | Reached ***** piety under Trog
  9693 | D:8      | Received a gift from Trog
  9915 | D:9      | Killed a two-headed ogre
 10114 | D:9      | Found an ancient bone altar of Kikubaaqudgha.
 10125 | D:9      | Found a shattered altar of Ashenzari.
 10264 | D:9      | Found a glowing golden altar of the Shining One.
 10281 | D:9      | Found a shimmering altar of Xom.
 10471 | D:10     | Entered Level 10 of the Dungeon
 10486 | D:10     | Reached skill level 11 in Long Blades
 10492 | D:10     | Reached XP level 11. HP: 82/102 MP: 13/13
 11086 | D:10     | Found a staircase to the Lair.
 11793 | Lair:1   | Entered Level 1 of the Lair of Beasts
 11988 | Lair:1   | Noticed a four-headed hydra
 12001 | Lair:1   | Killed a one-headed hydra
 12001 | Lair:1   | Reached skill level 12 in Long Blades
 12470 | Lair:1   | Received a gift from Trog
 12955 | Lair:1   | Reached skill level 13 in Long Blades
 13449 | Lair:2   | You fall into a shaft and drop 1 floor!
 13595 | Lair:3   | Noticed a seven-headed hydra
 13603 | Lair:3   | Killed a five-headed hydra
 13747 | Lair:3   | Noticed a seven-headed hydra
 13780 | Lair:3   | Killed a two-headed hydra
 13780 | Lair:3   | Reached XP level 12. HP: 39/113 MP: 14/14
 14186 | Lair:4   | Noticed a seven-headed hydra
 14193 | Lair:4   | Killed a three-headed hydra
 14193 | Lair:4   | Reached skill level 14 in Long Blades
 14203 | Lair:4   | Reached skill level 10 in Shields
 14364 | Lair:4   | Found a staircase to the Swamp.
 14456 | Lair:4   | Noticed an ice dragon
 14459 | Lair:4   | You fall into a shaft and drop 2 floors!
 14459 | Lair:6   | Entered Level 6 of the Lair of Beasts
 14465 | Lair:6   | Noticed a death yak
 14474 | Lair:6   | Noticed a six-headed hydra
 14476 | Lair:6   | Received a gift from Trog
 14483 | Lair:6   | Killed a death yak
 14497 | Lair:6   | Killed a four-headed hydra
 14509 | Lair:6   | Noticed a death yak
 14517 | Lair:6   | Reached skill level 15 in Long Blades
 14521 | Lair:6   | Noticed a catoblepas
 14558 | Lair:6   | Noticed Josephine
 14670 | Lair:5   | HP: 5/115 [hippogriff (4)]
 14671 | Lair:5   | HP: 1/115 [wolf (2)]
 14673 | Lair:5   | Slain by a water moccasin

Levels and vault maps discovered:
D:1:      dpeg_arrival_arbitrary_c, layout_basic
D:2:      layout_loops_ring
D:3:      minmay_angry_zag, layout_basic, first_ration
D:4:      cheibrodos_greedy_goblins, layout_cave_pools, hangedman_decor_growths
D:5:      layout_layer_cave, gammafunk_temple_overflow_statue,
          minmay_temple_entry_butterflies, uniq_edmund
D:6:      layout_loops_ring, hellmonk_ghost_happy_afterlife, uniq_duvessa
D:7:      layout_loops_ring
D:8:      layout_loops_corners, nicolae_overflow_hidden_temple, basic_altar,
          minivault_27, hangedman_pestilent_swarm,
          eino_small_chamber_without_monster, kennysheep_okawaru_gauntlet
D:9:      layout_stronghold, nicolae_overflow_quartered_altars,
          kennysheep_generic_room_14
D:10:     layout_irregular_city, lair_entry_dummy, grunt_decor_arrowhead
Lair:1:   layout_concentric_octagons, lemuel_fruit_fields
Lair:2:   layout_roguey, spider_nest_entry_rubble
Lair:3:   layout_layer_cave
Lair:4:   layout_gridlike, minmay_swamp_entry_wisps,
          portal_ice_cave_entry_animals_and_master
Lair:5:   layout_cave_shapes, slime_altar_1, kennysheep_rathole,
          lemuel_fruit_fields
Lair:6:   hangedman_lair_caniforms_friends, layout_regular_city,
          hangedman_lair_in_review, uniq_josephine

Skill      XL: |  1  2  3  4  5  6  7  8  9 10 11 12 |
---------------+-------------------------------------+-----
Fighting       | 4 5 7 10 11 12 13 | 13.6
Axes           | 4 5 |  5.9
Armour         | 3 4 5 |  5.0
Shields        | 1 2 3 4 7 9 10 | 10.8
Dodging        | 3 4 5 |  5.0
Evocations     | 1 2 4 5 |  5.0
Long Blades    | 4 8 11 13 15 | 15.1

Action                   |  1- 3 |  4- 6 |  7- 9 | 10-12 || total
-------------------------+-------+-------+-------+-------++-------
Melee: Hand axe          |    94 |   105 |    90 |       ||   289
       Headbutt          |    12 |    18 |    36 |    89 ||   155
       Double sword      |       |       |   109 |   241 ||   350
       Scimitar          |       |       |       |   161 ||   161
Invok: Trog's Hand       |       |       |     2 |     2 ||     4
Evoke: Wand              |       |       |     4 |       ||     4
  Use: Scroll            |     4 |     7 |     1 |     5 ||    17
 Stab: Sleeping          |       |       |     1 |       ||     1
  Eat: Chunk             |     3 |     3 |    11 |    13 ||    30
       Ration            |       |     1 |     1 |     3 ||     5
Armor: Animal skin       |    13 |       |       |       ||    13
       Leather armour    |     6 |       |       |       ||     6
       Ring mail         |     9 |    23 |    45 |     3 ||    80
       Plate armour      |       |       |       |   196 ||   196
Dodge: Dodged            |    63 |    72 |   104 |    60 ||   299
Block: Buckler           |     6 |    16 |    45 |       ||    67
       Tower shield      |       |       |    20 |   420 ||   440
       Rpst.: Double sword |       |       |    20 |    11 ||    31
       Scimitar          |       |       |       |     5 ||     5

Table legend:
 A = Non-vault XP
 B = Vault XP
 C = Vault XP percentage of total XP
 D = Non-vault monster count
 E = Vault monster count
 F = Vault count percentage of total count
                 A         B        C        D         E       F
            +---------+---------+-------+---------+---------+-------
      Total |   27133 |    6589 |  19.5 |     251 |      36 |  12.5
            +---------+---------+-------+---------+---------+-------
        D:1 |      24 |       0 |   0.0 |      14 |       0 |   0.0
        D:2 |      29 |       0 |   0.0 |      16 |       0 |   0.0
        D:3 |     206 |      10 |   4.6 |      24 |       6 |  20.0
        D:4 |     533 |      12 |   2.2 |      20 |       6 |  23.1
        D:5 |     498 |     164 |  24.8 |      17 |       1 |   5.6
        D:6 |     157 |     226 |  59.0 |      10 |       2 |  16.7
        D:7 |    2699 |       0 |   0.0 |      23 |       0 |   0.0
        D:8 |    1299 |     609 |  31.9 |      26 |       4 |  13.3
        D:9 |    3844 |       0 |   0.0 |      23 |       0 |   0.0
       D:10 |    3378 |       0 |   0.0 |      22 |       0 |   0.0
     Lair:1 |    5548 |       0 |   0.0 |      24 |       0 |   0.0
     Lair:2 |    1293 |       0 |   0.0 |       5 |       0 |   0.0
     Lair:3 |    1972 |       0 |   0.0 |       2 |       0 |   0.0
     Lair:4 |    4474 |    1127 |  20.1 |      19 |       7 |  26.9
     Lair:5 |     812 |       0 |   0.0 |       5 |       0 |   0.0
     Lair:6 |     367 |    4441 |  92.4 |       1 |      10 |  90.9
            +---------+---------+-------+---------+---------+-------
